 Dungeon Crawl Stone Soup version 0.24-a0-520-g8fd06ad0bc (webtiles) character file.

Game seed: 8530499695275082526

328 vurker the Bolt Thrower (level 6, -17/38 HPs)
             Began as a Kobold Hunter on July 27, 2019.
             Demolished by an ogre
             ... wielding a +0 giant club
              (23 damage)
             ... on level 4 of the Dungeon.
             The game lasted 00:05:20 (2481 turns).

vurker the Bolt Thrower (Kobold Hunter)             Turns: 2481, Time: 00:05:20

Health: -17/38     AC:  7    Str: 10 (12) XL:     6   Next: 80%
Magic:  6/6        EV: 11    Int: 10 (12) God:
Gold:   99         SH:  0    Dex: 15      Spells: 5/5 levels left

rFire    . . .     SeeInvis .   b - +2 dagger (venom)
rCold    . . .     Gourm    .   (shield restricted)
rNeg     . . .     Faith    .   g - +1 scale mail
rPois    .         Spirit   .   (no helmet)
rElec    .         Reflect  .   (no cloak)
rCorr    .         Harm     .   (no gloves)
MR       .....                  (no boots)
Stlth    ..........             (no amulet)
HPRegen  0.12/turn              (no ring)
MPRegen  0.10/turn              (no ring)

@: berserk cooldown, very slightly contaminated, slowed, very slow
A: small, carnivore
a: no special abilities


You were on level 4 of the Dungeon.
You were completely stuffed.

You visited 1 branch of the dungeon, and saw 4 of its levels.

You collected 99 gold pieces.

Inventory:

Hand Weapons
 a - a +2 hand crossbow
 b - a +2 dagger of venom (weapon)
   (You took it off a goblin on level 1 of the Dungeon)
Missiles
 d - 34 bolts
Armour
 g - a +1 scale mail (worn)
   (You took it off an orc priest on level 3 of the Dungeon)
Scrolls
 h - a scroll of identify
 j - 2 scrolls of teleportation
 l - a scroll of enchant armour
Potions
 f - a potion of berserk rage
 m - 2 potions of mutation
 o - 2 potions of heal wounds
Comestibles
 e - 4 rations


   Skills:
 + Level 3.7 Fighting
 - Level 5.1 Short Blades
 * Level 6.9 Crossbows
 - Level 2.4 Dodging
 - Level 1.3 Stealth


You had 5 spell levels left.
You didn't know any spells.
Your spell library was empty.

Dungeon Overview and Level Annotations

Branches:
Dungeon (4/15)
 Temple: D:4-7

Altars:
Ashenzari
The Shining One


Innate Abilities, Weirdness & Mutations

You are small and have problems with some larger weapons.
You are carnivorous and can eat meat at any time.


Message History

Okay, then.
Unknown command.
Your +2 dagger of venom begins to drip with poison!
b - a +2 dagger of venom (weapon)
A red film seems to cover your vision as you go berserk!
You feel yourself moving faster!
You feel mighty! Sigmund closely misses you.
You hit the ogre. The ogre completely misses you.
Sigmund points at you and mumbles some strange words.
You are more confused.
You closely miss the ogre. You closely miss the ogre.
The ogre hits you but does no damage.
Sigmund hits you from afar with a +1 scythe of slicing.
You puncture the ogre!
You bump into the rock wall.
The ogre closely misses you.
You bump into the rock wall.
You feel a strong urge to attack something.
Sigmund closely misses you.
You closely miss the ogre. The ogre closely misses you.
Sigmund hits you with a +1 scythe of slicing.
* * * LOW HITPOINT WARNING * * *
You closely miss Sigmund. You hit Sigmund.
You kill Sigmund!
You feel your strength returning.
You feel your dexterity returning.
Training target 5.0 for Short Blades reached!
Your Short Blades skill increases to level 5!
You have reached level 6!
Your experience leads to an increase in your attributes!
Your base attributes are Str 11, Int 12, Dex 15.
Increase (S)trength, (I)ntelligence, or (D)exterity?
You feel stronger.
You closely miss the ogre. The ogre hits you with a +0 giant club!
* * * LOW HITPOINT WARNING * * *
You puncture the ogre!
The ogre is poisoned.
Items here: ( ) [ † a +1 scythe of slicing; a +0 robe; 3 bolts; the human corpse of Sigmund You feel a strong urge to attack something.
You are no longer berserk.
You are exhausted.
You feel yourself slow down.
You bump into the rock wall.
The ogre hits you with a +0 giant club.
* * * LOW HITPOINT WARNING * * *
You bump into the rock wall.
You feel less confused. The ogre completely misses you. x2
You see here a bolt.
You barely miss the ogre.
The ogre hits you with a +0 giant club!!
Ouch! That really hurt!
You die...

#...###.<....?.#
# #............
....#...####.#.
#........ . #
###.#.## #.#?#
#.#.# #.#O# #@#
#.# #.. .(..
#####


You could see an ogre.

Vanquished Creatures
  Sigmund (D:4)
  2 orc priests (D:3)
  3 adders
  2 worms (D:3)
  5 dart slugs
  A leopard gecko (D:1)
  8 orcs (D:3)
  A ball python (D:2)
  3 giant cockroaches
  5 goblins
  5 hobgoblins
  14 jackals
  7 kobolds
  A quokka (D:3)
  3 bats
  4 frilled lizards
  4 rats (D:1)
69 creatures vanquished.

Notes
Turn   | Place    | Note
-------+----------+-------------------------------------------
     0 | D:1      | vurker the Kobold Hunter began the quest for the Orb.
     0 | D:1      | Reached XP level 1. HP: 12/12 MP: 1/1
    37 | D:1      | Reached skill level 1 in Short Blades
    37 | D:1      | Reached skill level 5 in Crossbows
    56 | D:1      | Reached XP level 2. HP: 18/18 MP: 2/2
   179 | D:1      | Reached XP level 3. HP: 22/22 MP: 3/3
   802 | D:2      | Reached XP level 4. HP: 27/27 MP: 4/4
   881 | D:2      | Found a glowing golden altar of the Shining One.
  1380 | D:3      | Found a faded altar of an unknown god.
  1620 | D:3      | Reached XP level 5. HP: 27/32 MP: 5/5
  1682 | D:3      | Found a shattered altar of Ashenzari.
  1753 | D:3      | Reached skill level 6 in Crossbows
  2453 | D:4      | Noticed Sigmund
  2459 | D:4      | Noticed an ogre
  2473 | D:4      | Killed Sigmund
  2473 | D:4      | Reached skill level 5 in Short Blades
  2473 | D:4      | Reached XP level 6. HP: 28/38 MP: 6/6
  2481 | D:4      | Demolished by an ogre

Levels and vault maps discovered:
D:1:      saegor_arrival_simple_d, layout_rooms, minmay_box_of_dots
D:2:      layout_basic, tso_metal_star
D:3:      layout_loops_cross, evilmike_ruin_ashenzari,
          chequers_ecumenical_altar_island, hangedman_abyss_or_decor_stabs
D:4:      layout_loops_ring, dk_noncrumbling_3, sigmund_army, uniq_sigmund,
          uniq_menkaure

Skill      XL: |  1  2  3  4  5 |
---------------+----------------+-----
Short Blades   | 1 2 3 5 |  5.1
Crossbows      | 5 6 |  6.9
Fighting       | 3 |  3.7
Dodging        | |  2.4
Stealth        | |  1.3

Action                   |  1- 3 |  4- 6 || total
-------------------------+-------+-------++-------
Melee: Dagger            |    64 |    92 ||   156
 Fire: Hand crossbow     |    17 |    26 ||    43
  Use: Scroll            |       |     9 ||     9
       Potion            |       |     2 ||     2
  Eat: Chunk             |     8 |     5 ||    13
Armor: Leather armour    |    12 |     6 ||    18
       Scale mail        |       |    12 ||    12
Dodge: Dodged            |    42 |    63 ||   105

Table legend:
 A = Non-vault XP
 B = Vault XP
 C = Vault XP percentage of total XP
 D = Non-vault monster count
 E = Vault monster count
 F = Vault count percentage of total count
                 A         B        C        D         E       F
            +---------+---------+-------+---------+---------+-------
      Total |     248 |     221 |  47.1 |      65 |       4 |   5.8
            +---------+---------+-------+---------+---------+-------
        D:1 |      57 |       9 |  13.6 |      30 |       3 |   9.1
        D:2 |      40 |       0 |   0.0 |       9 |       0 |   0.0
        D:3 |     143 |       0 |   0.0 |      22 |       0 |   0.0
        D:4 |       8 |     212 |  96.4 |       4 |       1 |  20.0
            +---------+---------+-------+---------+---------+-------
